MID
GREENVILLE DRIVE @ WEST MICHIGAN WHITECAPS
08/18/2049
 
TOP OF THE 1ST
Greenville Drive batting - Pitching for West Michigan Whitecaps : RHP Dale Gilbert
Pitching: RHP Dale Gilbert
Batting: RHB Aukukero Tairi 0-0: Ball
1-0: Called Strike
1-1: Called Strike
1-2: Foul Ball, location: 2F
1-2: Ground out 6-3 (Groundball, 6, EV 91.2 MPH)
Batting: LHB Kien-lung Zou 0-0: Called Strike
0-1: Called Strike
0-2: Ball
1-2: Foul Ball, location: 2F
1-2: Fly out, F8 (Flyball, 89S, EV 78.8 MPH)
Batting: SHB Salvador Padilla 0-0: Ball
1-0: SINGLE (Groundball, 6MD, EV 97.5 MPH)
Batting: SHB Matsudaira Ikeda 0-0: Foul Ball, location: 2F
0-1: Foul Ball, location: 2F
0-2: Ball
1-2: Ball
2-2: Ball
3-2: Base on Balls
Salvador Padilla to second
Batting: RHB Alex Cardenas 0-0: Called Strike
0-1: Fielders Choice at 2nd, 6-4 (Groundball, 6, EV 111.2 MPH)
Top of the 1st over - 0 runs, 1 hit, 0 errors, 2 left on base; Greenville 0 - West Michigan 0
BOTTOM OF THE 1ST
West Michigan Whitecaps batting - Pitching for Greenville Drive : RHP John LaMotte
Pitching: RHP John LaMotte
Batting: RHB Jon Goldstein 0-0: Ground out 6-3 (Groundball, 6S, EV 68.8 MPH)
Batting: RHB Tanner Purchase 0-0: Called Strike
0-1: Fly out, F8 (Flyball, 8LXD, EV 106.2 MPH)
Batting: LHB Afanasy Zasekin 0-0: Called Strike
0-1: Ball
1-1: Ground out 6-3 (Groundball, 4M, EV 105.0 MPH)
Bottom of the 1st over - 0 runs, 0 hits, 0 errors, 0 left on base; Greenville 0 - West Michigan 0
TOP OF THE 2ND
Greenville Drive batting - Pitching for West Michigan Whitecaps : RHP Dale Gilbert
Batting: RHB Mario Arriero 0-0: Fly out, F8 (Flyball, 8RXD, EV 98.8 MPH)
Batting: LHB Robert Gonzalez 0-0: Called Strike
0-1: Ball
1-1: Ball
2-1: Ball
3-1: Base on Balls
Batting: RHB Matt Parker 0-0: Ball
Robert Gonzalez is caught stealing 2nd base 2-4
1-0: Called Strike
1-1: Called Strike
1-2: Foul Ball, location: 2F
1-2: Ball
2-2: SINGLE (Groundball, 6MD, EV 100.0 MPH)
Batting: RHB Josh Smith 0-0: Called Strike
Matt Parker steals 2nd, throwing error, E2
Matt Parker to third
0-1: DOUBLE (Groundball, 3D, EV 108.8 MPH)
Matt Parker scores
Batting: RHB Aukukero Tairi 0-0: SINGLE (Flyball, 89S, EV 92.5 MPH)
Josh Smith to third
Batting: LHB Kien-lung Zou 0-0: Called Strike
0-1: Ball
1-1: Ball
2-1: Foul Ball, location: 2F
2-2: Strikes out swinging
Top of the 2nd over - 1 run, 3 hits, 1 error, 2 left on base; Greenville 1 - West Michigan 0
BOTTOM OF THE 2ND
West Michigan Whitecaps batting - Pitching for Greenville Drive : RHP John LaMotte
Batting: RHB J.J. Basil 0-0: Called Strike
0-1: Called Strike
0-2: Ball
1-2: Ball
2-2: Ground out 4-3 (Groundball, 6MD, EV 91.9 MPH)
Batting: RHB Ernst Meloche 0-0: Foul Ball, location: 2F
0-1: Ball
1-1: Ground out 5-3 (Groundball, 5L, EV 85.0 MPH)
Batting: LHB Jamie Christian 0-0: Called Strike
0-1: Ground out 5-3 (Groundball, 5, EV 88.8 MPH)
Bottom of the 2nd over - 0 runs, 0 hits, 0 errors, 0 left on base; Greenville 1 - West Michigan 0
TOP OF THE 3RD
Greenville Drive batting - Pitching for West Michigan Whitecaps : RHP Dale Gilbert
Batting: SHB Salvador Padilla 0-0: Ball
1-0: Ground out 4-3 (Groundball, 4M, EV 83.1 MPH)
Batting: SHB Matsudaira Ikeda 0-0: Fly out, F9 (Flyball, 9, EV 90.6 MPH)
Batting: RHB Alex Cardenas 0-0: Called Strike
0-1: Foul Ball, location: 2F
0-2: Strikes out swinging
Top of the 3rd over - 0 runs, 0 hits, 0 errors, 0 left on base; Greenville 1 - West Michigan 0
BOTTOM OF THE 3RD
West Michigan Whitecaps batting - Pitching for Greenville Drive : RHP John LaMotte
Batting: RHB Keith Hoffman 0-0: Fly out, F6 (Line Drive, 4M, EV 71.2 MPH)
Batting: SHB Chris Wagler 0-0: TRIPLE (Flyball, 89XD, EV 103.1 MPH)
Batting: RHB Norm Wood 0-0: Foul Ball, location: 2F
0-1: Ball
1-1: Called Strike
1-2: Ground out 4-3 (Groundball, 4, EV 104.4 MPH)
Chris Wagler scores
Batting: RHB Jon Goldstein 0-0: Foul Ball, location: 2F
0-1: Foul Ball, location: 2F
0-2: Ball
1-2: Ball
2-2: Foul Ball, location: 2F
2-2: Foul Ball, location: 2F
2-2: Ball
3-2: Ground out 5-3 (Groundball, 5L, EV 86.9 MPH)
Bottom of the 3rd over - 1 run, 1 hit, 0 errors, 0 left on base; Greenville 1 - West Michigan 1
TOP OF THE 4TH
Greenville Drive batting - Pitching for West Michigan Whitecaps : RHP Dale Gilbert
Batting: RHB Mario Arriero 0-0: Ball
1-0: Called Strike
1-1: Swinging Strike
1-2: Strikes out swinging
Batting: LHB Robert Gonzalez 0-0: Ball
1-0: Ball
2-0: Swinging Strike
2-1: Ground out 4-3 (Groundball, 4, EV 93.1 MPH)
Batting: RHB Matt Parker 0-0: Fly out, F8 (Flyball, 8RD, EV 93.1 MPH)
Top of the 4th over - 0 runs, 0 hits, 0 errors, 0 left on base; Greenville 1 - West Michigan 1
BOTTOM OF THE 4TH
West Michigan Whitecaps batting - Pitching for Greenville Drive : RHP John LaMotte
Batting: RHB Tanner Purchase 0-0: Called Strike
0-1: Swinging Strike
0-2: Foul Ball, location: 2F
0-2: Ball
1-2: Foul Ball, location: 2F
1-2: Fly out, F9 (Flyball, 9, EV 88.8 MPH)
Batting: LHB Afanasy Zasekin 0-0: Ball
1-0: Ball
2-0: Called Strike
2-1: Swinging Strike
2-2: Strikes out swinging
Batting: RHB J.J. Basil 0-0: Ball
1-0: Ball
2-0: Foul Ball, location: 2F
2-1: Ball
3-1: Ground out 4-3 (Groundball, 6MD, EV 87.5 MPH)
Bottom of the 4th over - 0 runs, 0 hits, 0 errors, 0 left on base; Greenville 1 - West Michigan 1
TOP OF THE 5TH
Greenville Drive batting - Pitching for West Michigan Whitecaps : RHP Dale Gilbert
Batting: RHB Josh Smith 0-0: Foul Ball, location: 2F
0-1: DOUBLE (Flyball, 78D, EV 88.1 MPH)
Batting: RHB Aukukero Tairi 0-0: Foul Ball, location: 2F
0-1: Ball
1-1: Called Strike
1-2: Foul Ball, location: 2F
1-2: Foul Ball, location: 2F
1-2: Ground out 2-3 (Groundball, 15S, EV 65.0 MPH)
Josh Smith to third
Batting: LHB Kien-lung Zou 0-0: Called Strike
0-1: Ball
1-1: Swinging Strike
1-2: Ball
2-2: Foul Ball, location: 2F
2-2: Foul Ball, location: 2F
2-2: SINGLE (Groundball, 56D, EV 97.5 MPH)
Josh Smith scores
Batting: SHB Salvador Padilla 0-0: Ball
Kien-lung Zou steals 2nd base
1-0: Ball
2-0: Ball
3-0: Called Strike
3-1: Hit by Pitch
Batting: SHB Matsudaira Ikeda 0-0: Foul Ball, location: 2F
0-1: Ball
1-1: Ball
2-1: SINGLE (Groundball, 6MD, EV 95.6 MPH)
Kien-lung Zou to third
Salvador Padilla to second
Runner from 3rd tries for Home, SAFE, throw by CF to home
Batting: RHB Alex Cardenas 0-0: Ball
1-0: Ball
2-0: Grounds into double play, 5-4-3 (Groundball, 56S, EV 79.4 MPH)
Top of the 5th over - 2 runs, 3 hits, 0 errors, 1 left on base; Greenville 3 - West Michigan 1
BOTTOM OF THE 5TH
West Michigan Whitecaps batting - Pitching for Greenville Drive : RHP John LaMotte
Batting: RHB Ernst Meloche 0-0: Foul Ball, location: 2F
0-1: Foul Ball, location: 2F
0-2: Foul Ball, location: 2F
0-2: Ball
1-2: Foul Ball, location: 2F
1-2: Ball
2-2: Ground out 6-3 (Groundball, 6, EV 85.6 MPH)
Batting: LHB Jamie Christian 0-0: Ball
1-0: Fly out, F9 (Flyball, 9S, EV 93.1 MPH)
Batting: RHB Keith Hoffman 0-0: Ball
1-0: Swinging Strike
1-1: Foul Ball, location: 2F
1-2: Fly out, F9 (Flyball, 89M, EV 86.9 MPH)
Bottom of the 5th over - 0 runs, 0 hits, 0 errors, 0 left on base; Greenville 3 - West Michigan 1
TOP OF THE 6TH
Greenville Drive batting - Pitching for West Michigan Whitecaps : RHP Dale Gilbert
Batting: RHB Mario Arriero 0-0: SINGLE (Line Drive, 4MD, EV 98.1 MPH)
Batting: LHB Robert Gonzalez 0-0: Ball
1-0: Called Strike
1-1: Called Strike
1-2: Ball
2-2: Ball
3-2: DOUBLE (Flyball, 8LD, EV 93.1 MPH)
Mario Arriero to third
Batting: RHB Matt Parker 0-0: Ball
1-0: Ball
2-0: Ball
3-0: Called Strike
3-1: Called Strike
3-2: Ground out 5-3 (Groundball, 5D, EV 80.6 MPH)
Batting: RHB Josh Smith 0-0: Ball
1-0: Called Strike
1-1: Ball
2-1: Ball
3-1: Foul Ball, location: 2F
3-2: Strikes out looking
Pitching: RHP Sho Sekine
Batting: RHB Aukukero Tairi 0-0: SINGLE (Groundball, 34D, EV 95.6 MPH)
Mario Arriero scores
Robert Gonzalez to third
Batting: LHB Kien-lung Zou 0-0: Ball
1-0: Called Strike
1-1: Ball
2-1: Foul Ball, location: 2F
2-2: Ball
3-2: Base on Balls
Aukukero Tairi to second
Batting: SHB Salvador Padilla 0-0: Called Strike
0-1: Ball
1-1: Ball
2-1: Fly out, F8 (Line Drive, 8LD, EV 105.6 MPH)
Top of the 6th over - 1 run, 3 hits, 0 errors, 3 left on base; Greenville 4 - West Michigan 1
BOTTOM OF THE 6TH
West Michigan Whitecaps batting - Pitching for Greenville Drive : RHP John LaMotte
Batting: SHB Chris Wagler 0-0: Ball
1-0: Ground out 4-3 (Groundball, 4, EV 83.8 MPH)
Batting: RHB Norm Wood 0-0: Ball
1-0: Ball
2-0: Ball
3-0: Foul Ball, location: 2F
3-1: Ground out 6-3 (Groundball, 6, EV 86.9 MPH)
Batting: RHB Jon Goldstein 0-0: Called Strike
0-1: Called Strike
0-2: Ball
1-2: Ground out 1-3 (Groundball, 13, EV 68.1 MPH)
Bottom of the 6th over - 0 runs, 0 hits, 0 errors, 0 left on base; Greenville 4 - West Michigan 1
TOP OF THE 7TH
Greenville Drive batting - Pitching for West Michigan Whitecaps : RHP Sho Sekine
Batting: SHB Matsudaira Ikeda 0-0: Called Strike
0-1: Called Strike
0-2: Ball
1-2: Foul Ball, location: 2F
1-2: SOLO HOME RUN (Flyball, 7LD, EV 95.0 MPH), Distance : 378 ft
Batting: RHB Alex Cardenas 0-0: Ball
1-0: Fly out, F9 (Flyball, 9S, EV 90.6 MPH)
Batting: RHB Mario Arriero 0-0: Ball
1-0: Foul Ball, location: 2F
1-1: SINGLE (Groundball, 56D, EV 101.2 MPH)
Batting: LHB Robert Gonzalez 0-0: Fly out, F8 (Flyball, 8LD, EV 108.8 MPH)
Batting: RHB Matt Parker 0-0: Ball
1-0: Ball
2-0: Foul Ball, location: 2F
2-1: Foul Ball, location: 2F
2-2: Ball
3-2: DOUBLE (Line Drive, 7LS, EV 93.8 MPH)
Mario Arriero to third
Mario Arriero scores
Batting: RHB Josh Smith 0-0: Called Strike
0-1: Ball
1-1: Ground out 6-3 (Groundball, 6, EV 87.5 MPH)
Top of the 7th over - 2 runs, 3 hits, 0 errors, 1 left on base; Greenville 6 - West Michigan 1
BOTTOM OF THE 7TH
West Michigan Whitecaps batting - Pitching for Greenville Drive : RHP John LaMotte
Batting: RHB Tanner Purchase 0-0: Called Strike
0-1: SINGLE (Groundball, 34D, EV 103.8 MPH)
Batting: LHB Afanasy Zasekin 0-0: Called Strike
0-1: Ball
Tanner Purchase steals 2nd base (no throw)
1-1: Ball
2-1: Ground out 6-3 (Groundball, 4MD, EV 93.1 MPH)
Tanner Purchase to third
Batting: RHB J.J. Basil 0-0: Ball
1-0: Fly out, F8 (Flyball, 8RD, EV 106.9 MPH)
Runner from 3rd tags up, SCORES, throw by CF
Batting: RHB Ernst Meloche 0-0: Swinging Strike
0-1: Foul Ball, location: 2F
0-2: Ball
1-2: DOUBLE (Line Drive, 5D, EV 94.4 MPH)
Batting: LHB Jamie Christian 0-0: Called Strike
0-1: Ball
1-1: Foul Ball, location: 2F
1-2: Strikes out swinging
Bottom of the 7th over - 1 run, 2 hits, 0 errors, 1 left on base; Greenville 6 - West Michigan 2
TOP OF THE 8TH
Greenville Drive batting - Pitching for West Michigan Whitecaps : RHP Sho Sekine
Pitching: LHP Jim Belcher
Batting: RHB Aukukero Tairi 0-0: Ball
1-0: Foul Ball, location: 2F
1-1: Ball
2-1: Fly out, F8 (Flyball, 8RD, EV 91.2 MPH)
Batting: LHB Kien-lung Zou 0-0: Ball
1-0: Called Strike
1-1: Ball
2-1: Ball
3-1: Base on Balls
Batting: SHB Salvador Padilla 0-0: Foul Ball, location: 2F
0-1: Swinging Strike
0-2: Strikes out swinging
Batting: SHB Matsudaira Ikeda 0-0: Foul Ball, location: 2F
0-1: Foul Ball, location: 2F
0-2: Ball
1-2: SINGLE (Line Drive, 7S, EV 98.8 MPH)
Kien-lung Zou to second
Batting: RHB Alex Cardenas 0-0: Ball
1-0: Swinging Strike
1-1: Called Strike
1-2: Ball
2-2: Strikes out swinging
Top of the 8th over - 0 runs, 1 hit, 0 errors, 2 left on base; Greenville 6 - West Michigan 2
BOTTOM OF THE 8TH
West Michigan Whitecaps batting - Pitching for Greenville Drive : RHP John LaMotte
Batting: RHB Keith Hoffman 0-0: Ball
1-0: SINGLE (Line Drive, 89M, EV 108.8 MPH)
Batting: SHB Chris Wagler 0-0: Ball
Wild Pitch!
Keith Hoffman to second
1-0: Called Strike
1-1: Ground out U3 (Groundball, 34S, EV 65.0 MPH)
Keith Hoffman to third
Batting: RHB Norm Wood 0-0: Ball
1-0: Foul Ball, location: 2F
1-1: Ball
2-1: Ball
3-1: Called Strike
3-2: Foul Ball, location: 2F
3-2: Foul Ball, location: 2F
3-2: Fly out, F4 (Popup, 4D, EV 68.8 MPH)
Batting: RHB Jon Goldstein 0-0: Ball
1-0: Fly out, F7 (Flyball, 7, EV 85.0 MPH)
Bottom of the 8th over - 0 runs, 1 hit, 0 errors, 1 left on base; Greenville 6 - West Michigan 2
TOP OF THE 9TH
Greenville Drive batting - Pitching for West Michigan Whitecaps : LHP Jim Belcher
Pitching: LHP Pete Zamarron
Batting: RHB Mario Arriero 0-0: Foul Ball, location: 2F
0-1: Ball
1-1: Foul Ball, location: 2F
1-2: Ball
2-2: Ball
3-2: Strikes out swinging
Batting: LHB Robert Gonzalez 0-0: Ball
1-0: Swinging Strike
1-1: Foul Ball, location: 2F
1-2: Strikes out swinging
Batting: RHB Matt Parker 0-0: Called Strike
0-1: SINGLE (Groundball, 5S, EV 62.5 MPH) (infield hit)
Batting: RHB Josh Smith 0-0: Foul Ball, location: 2F
0-1: Foul Ball, location: 2F
0-2: Ball
1-2: Foul Ball, location: 2F
1-2: Strikes out swinging
Top of the 9th over - 0 runs, 1 hit, 0 errors, 1 left on base; Greenville 6 - West Michigan 2
BOTTOM OF THE 9TH
West Michigan Whitecaps batting - Pitching for Greenville Drive : RHP John LaMotte
Pitching: RHP Paul Carter
Batting: RHB Tanner Purchase 0-0: Fly out, F8 (Line Drive, 89M, EV 98.1 MPH)
Batting: LHB Afanasy Zasekin 0-0: Foul Ball, location: 2F
0-1: Ball
1-1: Foul Ball, location: 2F
1-2: Strikes out looking
Batting: RHB J.J. Basil 0-0: Ball
1-0: Swinging Strike
1-1: Ground out 5-3 (Groundball, 56, EV 111.2 MPH)
Bottom of the 9th over - 0 runs, 0 hits, 0 errors, 0 left on base; Greenville 6 - West Michigan 2
Sunday, July 16th , 2023 - OOTP Baseball 24.6 Build 69